TOP OF THE 1ST |
Penquannock Overrated Jeter batting - Pitching for Rio Grande Rattlesnake : RHP Gene O'Neal
|
Pitching: RHP Gene O'Neal
|
|
Batting: SHB Tim Reid
|
0-0: Ball 1-0: Foul Ball, location: 2F 1-1: Ball 2-1: Foul Ball, location: 2F 2-2: DOUBLE (Line Drive, 9LS)
|
Batting: RHB Doug Brown
|
0-0: Called Strike 0-1: Foul Ball, location: 2F 0-2: Ground out 6-3 (Groundball, 6M) Tim Reid to third
|
Batting: RHB Armando Pagán
|
0-0: Ball 1-0: Ball 2-0: Foul Ball, location: 2F 2-1: Ball 3-1: Swinging Strike 3-2: Foul Ball, location: 2F 3-2: Foul Ball, location: 2F 3-2: Foul Ball, location: 2F 3-2: Base on Balls
|
Batting: LHB Pete Weber
|
0-0: Called Strike 0-1: Swinging Strike 0-2: Foul Ball, location: 2F 0-2: Ball 1-2: Fly out, F9 (Flyball, 9S)
|
Batting: LHB Tony Green
|
0-0: Ball Armando Pagán steals 2nd base 1-0: Ground out 1-3 (Groundball, 15S)
|
Top of the 1st over - 0 run(s), 1 hit(s), 0 error(s), 2 left on base; Penquannock 0 - Rio Grande 0 |
BOTTOM OF THE 1ST |
Rio Grande Rattlesnake batting - Pitching for Penquannock Overrated Jeter : LHP Héctor Díaz
|
Pitching: LHP Héctor Díaz
|
|
Batting: SHB Jeremy Holmes
|
0-0: Ball 1-0: Ball 2-0: SINGLE (Line Drive, 6MD)
|
Batting: RHB Doug Delaney
|
0-0: Ball 1-0: Ball 2-0: Called Strike 2-1: Ball 3-1: Called Strike 3-2: Fly out, F8 (Flyball, 8RM)
|
Batting: RHB Liangde Que
|
0-0: Ball 1-0: Foul Ball, location: 2F 1-1: Fly out, F7 (Flyball, 7S)
|
Batting: RHB Miguel Hernández
|
0-0: Ball 1-0: Ground out 6-3 (Groundball, 6S)
|
Bottom of the 1st over - 0 run(s), 1 hit(s), 0 error(s), 1 left on base; Penquannock 0 - Rio Grande 0 |
TOP OF THE 2ND |
Penquannock Overrated Jeter batting - Pitching for Rio Grande Rattlesnake : RHP Gene O'Neal
|
Batting: RHB José Velásquez
|
0-0: Ball 1-0: Ball 2-0: Called Strike 2-1: Ball 3-1: Fly out, F7 (Flyball, 7)
|
Batting: LHB Matt Reese
|
0-0: Ball 1-0: Ball 2-0: Ball 3-0: Fly out, F7 (Flyball, 78M)
|
Batting: RHB Barton Frazier
|
0-0: Ground out 6-3 (Groundball, 6)
|
Top of the 2nd over - 0 run(s), 0 hit(s), 0 error(s), 0 left on base; Penquannock 0 - Rio Grande 0 |
BOTTOM OF THE 2ND |
Rio Grande Rattlesnake batting - Pitching for Penquannock Overrated Jeter : LHP Héctor Díaz
|
Batting: RHB Gary Thomas
|
0-0: Ball 1-0: Ball 2-0: Foul Ball, location: 2F 2-1: Ground out 1-3 (Groundball, 15)
|
Batting: RHB Joe Courtier
|
0-0: Swinging Strike 0-1: Ball 1-1: Hit by Pitch
|
Batting: SHB William Daly
|
0-0: Ball 1-0: Ball 2-0: Ball 3-0: Called Strike 3-1: Base on Balls Joe Courtier to second
|
Batting: RHB Rafael Carreón
|
0-0: Called Strike Joe Courtier steals 3rd base William Daly to second 0-1: Ball 1-1: Ball 2-1: Foul Ball, location: 2F 2-2: Strikes out swinging
|
Batting: RHB Jeff Bane
|
0-0: Called Strike 0-1: Foul Ball, location: 2F 0-2: Ball 1-2: 3-RUN HOME RUN (Flyball, 7D), Distance : 368 ft
|
Batting: SHB Jeremy Holmes
|
0-0: Ball 1-0: Ball 2-0: SINGLE (Line Drive, 34)
|
Batting: RHB Doug Delaney
|
0-0: Called Strike Jeremy Holmes steals 2nd base 0-1: Foul Ball, location: 2F 0-2: Ball 1-2: SINGLE (Groundball, 34D) Jeremy Holmes to third Runner from 3rd tries for Home, SAFE, no throw
|
Batting: RHB Liangde Que
|
0-0: Foul Ball, location: 2F 0-1: Fly out, F9 (Flyball, 89M)
|
Bottom of the 2nd over - 4 run(s), 3 hit(s), 0 error(s), 1 left on base; Penquannock 0 - Rio Grande 4 |
TOP OF THE 3RD |
Penquannock Overrated Jeter batting - Pitching for Rio Grande Rattlesnake : RHP Gene O'Neal
|
Batting: SHB Francisco Ávila
|
0-0: Ball 1-0: Called Strike 1-1: SINGLE (Groundball, 4MD)
|
Batting: SHB Tim Reid
|
0-0: Called Strike 0-1: Ball 1-1: Ball 2-1: Ball 3-1: 2-RUN HOME RUN (Flyball, 89XD), Distance : 378 ft
|
Batting: RHB Doug Brown
|
0-0: Foul Ball, location: 2F 0-1: Ball 1-1: SINGLE (Groundball, 56D)
|
Batting: RHB Armando Pagán
|
0-0: Called Strike Doug Brown is caught stealing 2nd base 0-1: Ball 1-1: Foul Ball, location: 2F 1-2: Ball 2-2: DOUBLE (Flyball, 7D)
|
Batting: LHB Pete Weber
|
0-0: Ground out U3 (Groundball, 34) Armando Pagán to third
|
Batting: LHB Tony Green
|
0-0: Called Strike 0-1: DOUBLE (Groundball, 3L) Armando Pagán scores
|
Batting: RHB José Velásquez
|
0-0: Called Strike 0-1: Swinging Strike 0-2: Ball 1-2: Strikes out looking
|
Top of the 3rd over - 3 run(s), 5 hit(s), 0 error(s), 1 left on base; Penquannock 3 - Rio Grande 4 |
BOTTOM OF THE 3RD |
Rio Grande Rattlesnake batting - Pitching for Penquannock Overrated Jeter : LHP Héctor Díaz
|
Batting: RHB Miguel Hernández
|
0-0: Ball 1-0: DOUBLE (Groundball, 3L)
|
Batting: RHB Gary Thomas
|
0-0: Called Strike 0-1: Ball 1-1: Foul Ball, location: 2F 1-2: Ball 2-2: Ball 3-2: Fly out, F8 (Flyball, 8RS)
|
Batting: RHB Joe Courtier
|
0-0: Ball 1-0: Swinging Strike 1-1: Foul Ball, location: 2F 1-2: Hit by Pitch
|
Batting: SHB William Daly
|
0-0: Ball 1-0: Ball 2-0: Ball 3-0: Base on Balls Miguel Hernández to third Joe Courtier to second
|
Batting: RHB Rafael Carreón
|
0-0: Foul Ball, location: 2F 0-1: Foul Ball, location: 2F 0-2: Ball 1-2: Strikes out swinging
|
Batting: RHB Jeff Bane
|
0-0: Ball 1-0: Fly out, F4 (Popup, 4M)
|
Bottom of the 3rd over - 0 run(s), 1 hit(s), 0 error(s), 3 left on base; Penquannock 3 - Rio Grande 4 |
TOP OF THE 4TH |
Penquannock Overrated Jeter batting - Pitching for Rio Grande Rattlesnake : RHP Gene O'Neal
|
Batting: LHB Matt Reese
|
0-0: Ball 1-0: Ball 2-0: Foul Ball, location: 2F 2-1: Called Strike 2-2: Ball 3-2: Base on Balls
|
Batting: RHB Barton Frazier
|
0-0: Foul Ball, location: 2F 0-1: Foul Ball, location: 2F 0-2: Ball 1-2: Foul Ball, location: 2F 1-2: Ball 2-2: Fly out, F9 (Flyball, 9LMF)
|
Batting: SHB Francisco Ávila
|
0-0: Foul Ball, location: 2F 0-1: Fielders Choice at 2nd, 4-6 (Groundball, 4)
|
Batting: SHB Tim Reid
|
0-0: Ball 1-0: Ball 2-0: Foul Ball, location: 2F 2-1: Called Strike 2-2: Strikes out looking
|
Top of the 4th over - 0 run(s), 0 hit(s), 0 error(s), 1 left on base; Penquannock 3 - Rio Grande 4 |
BOTTOM OF THE 4TH |
Rio Grande Rattlesnake batting - Pitching for Penquannock Overrated Jeter : LHP Héctor Díaz
|
Batting: SHB Jeremy Holmes
|
0-0: Called Strike 0-1: Ball 1-1: Swinging Strike 1-2: SOLO HOME RUN (Flyball, 78XD), Distance : 377 ft
|
Batting: RHB Doug Delaney
|
0-0: Ball 1-0: Foul Ball, location: 2F 1-1: Fly out, F7 (Flyball, 7)
|
Pitching: LHP Jason Simpson
|
|
Batting: RHB Liangde Que
|
0-0: Ball 1-0: Ball 2-0: Ball 3-0: Base on Balls
|
Batting: RHB Miguel Hernández
|
0-0: Ball Wild Pitch! Liangde Que to second 1-0: Ground out 3-1 (Groundball, 34S) Liangde Que to third
|
Batting: RHB Gary Thomas
|
0-0: Ball 1-0: Swinging Strike 1-1: Fly out, F8 (Line Drive, 8LM)
|
Bottom of the 4th over - 1 run(s), 1 hit(s), 0 error(s), 1 left on base; Penquannock 3 - Rio Grande 5 |
TOP OF THE 5TH |
Penquannock Overrated Jeter batting - Pitching for Rio Grande Rattlesnake : RHP Gene O'Neal
|
Batting: RHB Doug Brown
|
0-0: Called Strike 0-1: Foul Ball, location: 2F 0-2: Ball 1-2: Hit by Pitch
|
Pinch Runner at 1st Bernardo Enríquez:
|
|
Batting: RHB Armando Pagán
|
0-0: Ball 1-0: Ground out 4-3 (Groundball, 4S) Bernardo Enríquez to second
|
Batting: LHB Pete Weber
|
0-0: Ball 1-0: Ball 2-0: Ground out 1-3 (Groundball, 15S)
|
Batting: LHB Tony Green
|
0-0: Ball 1-0: Ball 2-0: Foul Ball, location: 2F 2-1: Ball 3-1: Base on Balls
|
Batting: RHB José Velásquez
|
0-0: Called Strike 0-1: Fielders Choice at 2nd, 6-4 (Groundball, 6)
|
Top of the 5th over - 0 run(s), 0 hit(s), 0 error(s), 1 left on base; Penquannock 3 - Rio Grande 5 |
BOTTOM OF THE 5TH |
Rio Grande Rattlesnake batting - Pitching for Penquannock Overrated Jeter : LHP Jason Simpson
|
Now at C: Bernardo Enríquez
|
|
Batting: RHB Joe Courtier
|
0-0: Ball 1-0: Called Strike 1-1: Ball 2-1: Foul Ball, location: 2F 2-2: Strikes out swinging
|
Batting: SHB William Daly
|
0-0: Ball 1-0: Called Strike 1-1: Called Strike 1-2: SINGLE (Line Drive, 6)
|
Batting: RHB Rafael Carreón
|
0-0: Ball 1-0: Ball 2-0: Ball William Daly is caught stealing 2nd base 3-0: Base on Balls
|
Batting: RHB Jeff Bane
|
0-0: Called Strike 0-1: Fly out, F9 (Flyball, 9LM)
|
Bottom of the 5th over - 0 run(s), 1 hit(s), 0 error(s), 1 left on base; Penquannock 3 - Rio Grande 5 |
TOP OF THE 6TH |
Penquannock Overrated Jeter batting - Pitching for Rio Grande Rattlesnake : RHP Gene O'Neal
|
Batting: LHB Matt Reese
|
0-0: Ball 1-0: Foul Ball, location: 2F 1-1: Ball 2-1: SINGLE (Groundball, 6MD)
|
Pitching: RHP Brendan Green
|
|
Batting: RHB Barton Frazier
|
0-0: Called Strike 0-1: Ball 1-1: Ball 2-1: Ball 3-1: Base on Balls Matt Reese to second
|
Batting: SHB Francisco Ávila
|
0-0: Called Strike 0-1: Called Strike 0-2: Fly out, F2 (Popup, 25)
|
Batting: SHB Tim Reid
|
0-0: Ball 1-0: Called Strike 1-1: Ball 2-1: Foul Ball, location: 2F 2-2: Ball 3-2: Fly out, F2 (Popup, 2R)
|
Batting: RHB Bernardo Enríquez
|
0-0: Ball 1-0: Foul Ball, location: 2F 1-1: Ball 2-1: Fielders Choice at 2nd, 4-6 (Groundball, 4)
|
Top of the 6th over - 0 run(s), 1 hit(s), 0 error(s), 1 left on base; Penquannock 3 - Rio Grande 5 |
BOTTOM OF THE 6TH |
Rio Grande Rattlesnake batting - Pitching for Penquannock Overrated Jeter : LHP Jason Simpson
|
Batting: SHB Jeremy Holmes
|
0-0: Called Strike 0-1: Foul Ball, location: 2F 0-2: SINGLE (Groundball, 56D)
|
Batting: RHB Doug Delaney
|
0-0: Fly out, F9 (Flyball, 9S)
|
Batting: RHB Liangde Que
|
0-0: Foul Ball, location: 2F 0-1: Fly out, F2 (Popup, P)
|
Batting: RHB Miguel Hernández
|
0-0: Called Strike 0-1: Swinging Strike 0-2: Ball 1-2: Strikes out swinging
|
Bottom of the 6th over - 0 run(s), 1 hit(s), 0 error(s), 1 left on base; Penquannock 3 - Rio Grande 5 |
TOP OF THE 7TH |
Penquannock Overrated Jeter batting - Pitching for Rio Grande Rattlesnake : RHP Brendan Green
|
Batting: RHB Armando Pagán
|
0-0: Ball 1-0: Ball 2-0: Swinging Strike 2-1: Ball 3-1: Base on Balls
|
Batting: LHB Pete Weber
|
0-0: Called Strike Armando Pagán steals 2nd base 0-1: Ball 1-1: Foul Ball, location: 2F 1-2: Strikes out swinging
|
Batting: LHB Tony Green
|
0-0: Ball 1-0: Foul Ball, location: 2F 1-1: Ball 2-1: Ball 3-1: Base on Balls
|
Batting: RHB José Velásquez
|
0-0: Called Strike 0-1: Called Strike 0-2: Strikes out looking
|
Batting: LHB Matt Reese
|
0-0: Swinging Strike 0-1: Ball 1-1: Ball 2-1: Ball 3-1: Called Strike 3-2: Base on Balls Armando Pagán to third Tony Green to second
|
Batting: RHB Barton Frazier
|
0-0: Ball 1-0: Foul Ball, location: 2F 1-1: Foul Ball, location: 2F 1-2: Ball 2-2: Ball 3-2: Base on Balls Armando Pagán scores Tony Green to third Matt Reese to second
|
Batting: SHB Francisco Ávila
|
0-0: Ball 1-0: Called Strike 1-1: Ball 2-1: Foul Ball, location: 2F 2-2: Foul Ball, location: 2F 2-2: Fielders Choice at 2nd, 4-6 (Groundball, 4)
|
Top of the 7th over - 1 run(s), 0 hit(s), 0 error(s), 2 left on base; Penquannock 4 - Rio Grande 5 |
BOTTOM OF THE 7TH |
Rio Grande Rattlesnake batting - Pitching for Penquannock Overrated Jeter : LHP Jason Simpson
|
Batting: RHB Gary Thomas
|
0-0: Ball 1-0: DOUBLE (Flyball, 89D)
|
Pinch Hitting: RHB Paul Martin
|
0-0: Intentional Walk
|
Pinch Runner at 2nd Chris Charles:
|
|
Batting: SHB William Daly
|
0-0: Ball Chris Charles steals 3rd base Paul Martin to second 1-0: Swinging Strike 1-1: Ball 2-1: Swinging Strike 2-2: Foul Ball, location: 2F 2-2: Fly out, F9 (Flyball, 89M) Runner from 3rd tags up, SCORES, no throw
|
Batting: RHB Rafael Carreón
|
0-0: Ball 1-0: Foul Ball, location: 2F 1-1: Foul Ball, location: 2F 1-2: Ball 2-2: Ball 3-2: Fly out, F8 (Flyball, 89D) Runner from 2nd tags up, SAFE at 3rd, no throw
|
Batting: RHB Jeff Bane
|
0-0: Ground out 6-3 (Groundball, 6)
|
Bottom of the 7th over - 1 run(s), 1 hit(s), 0 error(s), 1 left on base; Penquannock 4 - Rio Grande 6 |
TOP OF THE 8TH |
Penquannock Overrated Jeter batting - Pitching for Rio Grande Rattlesnake : RHP Brendan Green
|
Now at 2B: Chris Charles
|
|
Now in RF: Brian Moyer
|
|
Batting: SHB Tim Reid
|
0-0: Called Strike 0-1: Ball 1-1: Swinging Strike 1-2: Strikes out swinging
|
Batting: RHB Bernardo Enríquez
|
0-0: Fly out, F8 (Line Drive, 8RM)
|
Batting: RHB Armando Pagán
|
0-0: Swinging Strike 0-1: Ball 1-1: Ball 2-1: Foul Ball, location: 2F 2-2: Foul Ball, location: 2F 2-2: Strikes out swinging
|
Top of the 8th over - 0 run(s), 0 hit(s), 0 error(s), 0 left on base; Penquannock 4 - Rio Grande 6 |
BOTTOM OF THE 8TH |
Rio Grande Rattlesnake batting - Pitching for Penquannock Overrated Jeter : LHP Jason Simpson
|
Batting: SHB Jeremy Holmes
|
0-0: Ball 1-0: Swinging Strike 1-1: Ground out 5-3 (Groundball, 56)
|
Pitching: RHP Richard Edwards
|
|
Batting: RHB Doug Delaney
|
0-0: Fly out, F8 (Flyball, 8LD)
|
Batting: RHB Liangde Que
|
0-0: Ball 1-0: Ball 2-0: Called Strike 2-1: Swinging Strike 2-2: Fly out, F8 (Flyball, 78M)
|
Bottom of the 8th over - 0 run(s), 0 hit(s), 0 error(s), 0 left on base; Penquannock 4 - Rio Grande 6 |
TOP OF THE 9TH |
Penquannock Overrated Jeter batting - Pitching for Rio Grande Rattlesnake : RHP Brendan Green
|
Pitching: LHP Enrico Lozano
|
|
Batting: LHB Pete Weber
|
0-0: Ball 1-0: Called Strike 1-1: SINGLE (Line Drive, 78S)
|
Pinch Hitting: RHB Vincent Fields
|
0-0: Swinging Strike 0-1: Fly out, F8 (Flyball, 89M)
|
Batting: RHB José Velásquez
|
0-0: Ball 1-0: Ball 2-0: Ball 3-0: Base on Balls Pete Weber to second
|
Pinch Hitting: RHB Yale Julien
|
0-0: Ball 1-0: Fly out, F9 (Flyball, 9)
|
Batting: RHB Barton Frazier
|
0-0: Ball 1-0: Called Strike 1-1: Ball 2-1: Fielders Choice at 2nd, 6-4 (Groundball, 56)
|
Top of the 9th over - 0 run(s), 1 hit(s), 0 error(s), 1 left on base; Penquannock 4 - Rio Grande 6 |
|